 Dungeon Sprint DCSS version 0.30.1-4-g462c640d31 (webtiles) character file.

Game seed: 729583738540676311

1985 Heoruswealwe the Grappler (level 9, 0/147 HPs)
             Began as a Troll Berserker on Aug 18, 2023.
             Was an Elder of Trog.
             Shot with an arrow by a centaur warrior (13 damage)
             ... in the Dungeon (Sprint I: "Red Sonja").
             The game lasted 00:03:58 (301 turns).

Heoruswealwe the Grappler (Troll Berserker)          Turns: 301, Time: 00:04:00

Health: 0/147      AC:  4    Str: 31    XL:     9   Next: 1%
Magic:  8/8        EV: 12    Int:  3    God:    Trog [****..]
Gold:   429        SH:  0    Dex:  9    Spells: 8/8 levels left

rFire   . .          .
                       - Unarmed
rCold   . . .        (no shield)
rNeg    . . .        a - +0 animal skin
rPois   .            (helmet restricted)
rElec   .            (no cloak)
rCorr   .            (gloves unavailable)
SInv    .            (boots unavailable)
Will    .....        (no amulet) Stlth
                     (no ring)
HPRegen 1.24/turn    (no ring)
MPRegen 0.11/turn

%: no teleportation
@: berserking, lethally poisoned (0 -> -2), hasted and slowed
A: large, unfitting armour, claws 3, regeneration 1, shaggy fur 1, tough skin 1
a: Renounce Religion, Berserk, Trog's Hand, Brothers in Arms


You were in the Dungeon.
You worshipped Trog.
Trog was greatly pleased with you.
You visited 1 branch You collected 473 gold pieces.
You spent 44 gold pieces at shops.

Inventory:

Armour
 a - a +0 animal skin (worn)
Wands
 h - a wand of digging (5)
Scrolls
 f - 2 scrolls of identify
 g - a scroll of blinking
Potions
 b - a potion of curing
 c - a potion of heal wounds
 e - 2 potions of magic


   Skills:
 + Level 9.0 Fighting
 + Level 9.0 Dodging
 * Level 14.5 Unarmed Combat


You had 8 spell levels left.
You didn't know any spells.
Your spell library was empty.

Dungeon Overview and Level Annotations

Branches:
Dungeon (1/1)

Altars:
Cheibriados
Dithmenos
Elyvilon
Fedhas
Gozag
Hepliaklqana
Kikubaaqudgha
Makhleb
Nemelex Xobeh
Okawaru
Qazlal
Ru
Sif Muna
Trog
Uskayaw
Vehumet
Wu Jian
Xom
Yredelemnul
Zin
The Shining One
Jiyva
Lugonu

Shops:
D ?


Innate Abilities, Weirdness & Mutations

You are too large for most types of armour.
You have claws for hands.
Your natural rate of healing is unusually fast.
You are covered in fur. (AC +1)
You have tough skin. (AC +1)


Message History

The hornet is lightly wounded.
You feel yourself speed up.
You feel very sick. The hornet stings you!
You are more poisoned.
You feel yourself slow down.
A red film seems to cover your vision as you go berserk!
You feel yourself moving faster!
You feel mighty!
Your extra speed is starting to run out.
You feel very sick. The hornet stings you!
You feel as though you will be slow longer.
You claw the hornet! Your claw misses the hornet.
The hornet is heavily wounded.
You feel very sick. The hornet stings you!
* * * LOW HITPOINT WARNING * * *
You feel as though you will be slow longer.
You eviscerate the hornet!!!
You kill the hornet!
Trog accepts your kill.
You feel very sick.
Your Fighting skill increases to level 9!
Your Dodging skill increases to level 9!
You have reached level 9!
Your experience leads to an increase in your attributes!
Increase (S)trength, (I)ntelligence, or (D)exterity?
You feel stronger. x3
You scratch the redback.
The redback is moderately wounded.
You feel very sick. The redback bites you!
* * * LOW HITPOINT WARNING * * *
You mangle the redback!!
You kill the redback!
Trog accepts your kill.
You feel sick.
The centaur warrior wields a +0 shortbow.
The centaur warrior shoots an arrow.
The arrow hits you!
You die...

######################
..)..#..'..#__#..')..#
).#..').#..'..'..#)..#
####'#####'#__####...+
###..#...#.####?!#####
__####..##[#~§§§§#§$#
_____##'#§§'§§§§@†c§#
_.∩...'..._#~~~§§#§$#
_..__##_.#§##+#### '#
_____###+#[# '$ ######
### .# #


You could see a centaur warrior.

Vanquished Creatures
  A centaur warrior (D)
  2 kobold demonologists (D)
  A hornet (D)
  A slime creature (D)
  Sigmund (D)
  A yak (D)
  A redback (D)
  A floating eye (D)
  An ogre (D)
  A jelly (D)
  Ijyb (D)
12 creatures vanquished.

Notes
Turn   | Place    | Note
-------+----------+-------------------------------------------
     0 | D        | Heoruswealwe the Troll Berserker began the quest for the
                  | Orb.
     0 | D        | Reached XP level 1. HP: 22/22 MP: 0/0
     1 | D        | Noticed Ijyb
    10 | D        | Killed Ijyb
    11 | D        | Reached skill level 5 in Unarmed Combat
    11 | D        | Reached XP level 2. HP: 12/31 MP: 1/1
    35 | D        | Noticed an ogre
    39 | D        | Killed an ogre
    40 | D        | Reached skill level 7 in Unarmed Combat
    40 | D        | Reached XP level 3. HP: 40/40 MP: 2/2
    40 | D        | Reached XP level 4. HP: 49/49 MP: 3/3
    97 | D        | Noticed Sigmund
   112 | D        | Killed Sigmund
   112 | D        | Reached ** piety under Trog
   113 | D        | Reached skill level 5 in Fighting
   113 | D        | Reached skill level 5 in Dodging
   113 | D        | Reached skill level 9 in Unarmed Combat
   113 | D        | Reached XP level 5. HP: 54/59 MP: 4/4
   113 | D        | Reached XP level 6. HP: 62/67 MP: 5/5
   126 | D        | Found a burning altar of Makhleb.
   126 | D        | Found a viscous altar of Jiyva.
   126 | D        | Found a shimmering altar of Xom.
   126 | D        | Found a corrupted altar of Lugonu.
   126 | D        | Noticed a slime creature
   131 | D        | Killed a slime creature
   132 | D        | Reached skill level 10 in Unarmed Combat
   151 | D        | Found an ornate altar of the Wu Jian Council.
   151 | D        | Found a shimmering blue altar of Sif Muna.
   153 | D        | Found a radiant altar of Vehumet.
   192 | D        | Found Nofatt's Magic Scroll Emporium.
   192 | D        | Found an ancient bone altar of Kikubaaqudgha.
   192 | D        | Found a hazy altar of Hepliaklqana.
   192 | D        | Found a stormy altar of Qazlal.
   192 | D        | Found a hide-covered altar of Uskayaw.
   192 | D        | Found a blossoming altar of Fedhas.
   192 | D        | Found a bloodstained altar of Trog.
   192 | D        | Found an iron altar of Okawaru.
   192 | D        | Found a basalt altar of Yredelemnul.
   192 | D        | Found a glowing golden altar of the Shining One.
   192 | D        | Found a snail-covered altar of Cheibriados.
   192 | D        | Found a sacrificial altar of Ru.
   192 | D        | Found a glowing silver altar of Zin.
   192 | D        | Found a shadowy altar of Dithmenos.
   192 | D        | Found a white marble altar of Elyvilon.
   192 | D        | Noticed a yak
   193 | D        | Found an opulent altar of Gozag.
   198 | D        | Killed a yak
   198 | D        | Reached *** piety under Trog
   199 | D        | Reached skill level 11 in Unarmed Combat
   199 | D        | Reached XP level 7. HP: 45/78 MP: 6/6
   199 | D        | Found a sparkling altar of Nemelex Xobeh.
   203 | D        | Bought a scroll of identify for 22 gold pieces
   203 | D        | Bought a scroll of identify for 22 gold pieces
   245 | D        | Noticed a kobold demonologist
   246 | D        | Noticed a kobold demonologist
   249 | D        | Noticed a ynoxinul
   254 | D        | Killed a kobold demonologist
   255 | D        | Reached skill level 12 in Unarmed Combat
   257 | D        | Noticed a sun demon
   258 | D        | Killed a kobold demonologist
   258 | D        | Reached **** piety under Trog
   259 | D        | Reached skill level 13 in Unarmed Combat
   259 | D        | Reached XP level 8. HP: 78/88 MP: 7/7
   271 | D        | Noticed a centaur warrior
   272 | D        | Noticed a centaur warrior
   280 | D        | Killed a centaur warrior
   281 | D        | Reached skill level 14 in Unarmed Combat
   288 | D        | Noticed a hornet
   293 | D        | Paralysed by a hornet for 1 turns
   299 | D        | Killed a hornet
   300 | D        | Reached XP level 9. HP: 31/98 MP: 8/8
   301 | D        | Shot with an arrow by a centaur warrior

Illustrated notes

Levels and vault maps discovered:
D:        dungeon_sprint_1 [red_sonja_temple_1, red_sonja_temple_small_1]

Skill      XL: |  1  2  3  4  5  6  7  8 |
---------------+-------------------------+-----
Fighting       | 3 4 5 7 8 9 |  9.0
Dodging        | 3 4 5 7 8 9 |  9.0
Unarmed Combat | 5 7 9 11 13 14 | 14.5

Action                     |  1- 3 |  4- 6 |  7- 9 || total
---------------------------+-------+-------+-------++-------
  Melee: Unarmed           |    11 |    22 |    22 ||    55
         Punch             |       |     3 |     2 ||     5
 Invoke: Berserk           |       |       |     1 ||     1
  Evoke: Wand              |     1 |       |       ||     1
    Use: Potion            |     1 |       |     1 ||     2
 Armour: Animal skin       |     1 |     7 |     2 ||    10
  Dodge: Dodged            |     1 |     3 |     4 ||     8
